Unix NetHack Version 3.7.0-62 Work-in-progress - last build Sep 11 2022 22:50:51 (50a4e0875b74f16bdbec0d79e29a59bb940978ed,branch:master). Game began 2022-09-12 13:07:17, ended 2022-09-12 13:25:02. adinthrae, lawful female human Valkyrie ------- ----- -----------.-- |.....-# |...| ----- |.............## |.....|# |...| ---------- |...-# |.....<......| # -|--.--# |...-######.........| #....|# #.............| ## # # # |...| |".......- #|%..|# ###|....F.......| # # -.--- |........| #|...|# ## -----.-------- # # # |........| #|...|#### ### # # # -----.---- ##-----# ## # # # # ## # ###### # #### # ##### # ### ## # ## ## # # ### #### # # # ############### ##----- #----|--.------- --+--## #--.------------- #|.[.| %|..........r@@. |...-## #|..............| #|.+.| #.....[..).>d.r| |...|# #|..............| #|.%.| |.............. |.... #...............| #|..*| --------------- |...| |...>..........| )|..%| ----- ---------------- #-...| ----- Adinthrae the Skirmisher St:17 Dx:13 Co:18 In:10 Wi:8 Ch:10 Lawful S:747 Dlvl:3 $:31 HP:0(48) Pw:12(12) AC:1 Xp:4/139 T:1993 Latest messages: You swap places with your little dog. You see here a robe. y - a robe. The little dog drops a poisoned arrow. What do you want to take off? [cuv or ?*] You were wearing a +0 dwarvish cloak. What do you want to wear? [vy or ?*] You are now wearing a robe. You descend the stairs. The little dog picks up a green gem. You are almost hit by a crossbow bolt. You are hit by a crossbow bolt. A crossbow bolt misses you. You are hit by a crossbow bolt. The little dog drops a green gem. A crossbow bolt misses you. A crossbow bolt misses you. The little dog picks up a yellow gem. You hear rumbling in the distance. You climb up the stairs. The little dog drops a yellow gem. Valkyrie needs food, badly! You stop waiting. What do you want to eat? [krt or ?*] This food really hits the spot! You finish eating the food ration. You hear the chime of a cash register. You stop waiting. The little dog picks up a yellow gem. The wererat misses! The little dog drops a yellow gem. You miss the wererat. The wererat summons help! A rabid rat suddenly appears next to you! A rabid rat suddenly appears next to you! The wererat bites! The little dog misses the rabid rat. The little dog bites the rabid rat. The rabid rat misses the little dog. You hit the wererat. The rabid rat bites! The rabid rat bites! The wererat changes into a human. The wererat hits! The little dog picks up a yellow gem. The little dog misses the rabid rat. You miss the rabid rat. The rabid rat bites! You die... Do you want your possessions identified? [ynq] (y) Inventory: Coins $ - 31 gold pieces Weapons b - a +0 dagger (alternate weapon; not wielded) a - a +1 spear (weapon in hand) Armor u - a blessed +1 pair of iron shoes (being worn) c - an uncursed +3 small shield (being worn) v - an uncursed +0 dwarvish cloak y - an uncursed +0 robe (being worn) Comestibles t - an uncursed carrot k - an uncursed food ration r - an uncursed orange Scrolls g - an uncursed scroll of enchant armor m - an uncursed scroll of enchant weapon i - an uncursed scroll of light f - an uncursed scroll of remove curse Potions q - an uncursed potion of confusion j - an uncursed potion of hallucination x - an uncursed potion of object detection Rings o - an uncursed ring of warning Tools h - a can of grease (0:12) w - a +0 pick-axe Gems/Stones n - 2 uncursed worthless pieces of red glass l - an uncursed flint stone Adinthrae the Valkyrie's attributes: Background: You were a Skirmisher, a level 4 human Valkyrie. You were lawful, on a mission for Tyr who was opposed by Odin (neutral) and Loki (chaotic). You were in the Dungeons of Doom, on level 3. You entered the dungeon 1993 turns ago. There was a full moon in effect when your adventure ended. You had 139 experience points, 21 more were needed to attain level 5. Your score was 747 before end-of-game adjustments. Basics: You had 0 out of 48 hit points. You had all 12 energy points (spell power). Your armor class was 1. Your wallet contained 31 zorkmids. Autopickup was off. Final Characteristics: Your strength was 17 (limit:18/100). Your dexterity was 13 (limit:18). Your constitution was 18 (limit:18). Your intelligence was 10 (limit:18). Your wisdom was 8 (limit:18). Your charisma was 10 (limit:18). Final Status: You were not hungry. You were unencumbered. You were wielding a spear. You had basic skill with spear. Final Attributes: You were devoutly aligned. You were cold resistant. You were stealthy. You were guarded. You were lucky. You are dead. Miscellaneous: You never encountered a bones level. Total elapsed playing time was 17 minutes and 43 seconds. Major events: Turn 1: adinthrae the lawful human Valkyrie entered the dungeon 735: attained the rank of Skirmisher (level 3) 1779: entered the Gnomish Mines 1993: killed by a rabid rat Vanquished creatures: a small mimic a gnome leader a dwarf a giant bat 3 orc zombies a werejackal an iguana a coyote a large kobold 2 cave spiders 8 gnomes 2 garter snakes a gecko 4 jackals a fox a kobold 3 goblins a grid bug 3 lichens 4 newts 41 creatures vanquished. No species were genocided or became extinct. Voluntary challenges: You followed a strict vegan diet. You were illiterate. You never engraved Elbereth. You never genocided any monsters. You never polymorphed an object. You used no wishes. Achievements: You entered a shop. You attained the rank of Skirmisher. You entered the Gnomish Mines. The Dungeons of Doom: levels 1 to 3 Level 1: A fountain. Level 2: Level 3: <- You were here. A general store. Stairs down to The Gnomish Mines. Final resting place for you, killed by a rabid rat. The Gnomish Mines: Level 4: Game over: ---------- / \ / REST \ / IN \ / PEACE \ / \ | adinthrae | | 31 Au | | killed by a | | rabid rat | | | | | | 2022 | *| * * * | * _________)/\\_//(\/(/\)/\//\/|_)_______ Farvel adinthrae the Valkyrie... You died in The Dungeons of Doom on dungeon level 3 with 744 points, and 31 pieces of gold, after 1993 moves. You were level 4 with a maximum of 48 hit points when you died.